 Dungeon Crawl Stone Soup version 0.25.1-2-g60ff931df9 (webtiles) character file.

Game seed: 1165418300212336288

7 KyoPewz the Magician (level 1, -1/14 HPs)
             Began as a Demonspawn Wizard on Oct 23, 2020.
             Slain by a jackal (2 damage)
             ... on level 1 of the Dungeon.
             The game lasted 00:01:51 (215 turns).

KyoPewz the Magician (Demonspawn Wizard)             Turns: 215, Time: 00:01:51

Health: -1/14      AC:  2    Str:  7    XL:     1   Next: 83%
Magic:  0/4        EV: 12    Int: 19    God:
Gold:   32         SH:  0    Dex: 11    Spells: 5/6 levels left

rFire    . . .     SeeInvis .   f - +0 dagger
rCold    . . .     Gourm    .   (no shield)
rNeg     . . .     Faith    .   a - +0 robe
rPois    .         Spirit   .   b - +0 hat
rElec    .         Reflect  .   (no cloak)
rCorr    .         Harm     .   (no gloves)
MR       .....                  (no boots)
Stlth    ++........             (no amulet)
HPRegen  0.04/turn              (no ring)
MPRegen  0.09/turn              (no ring)

@: very slightly contaminated
A: no striking features
a: no special abilities


You were on level 1 of the Dungeon.
You were not hungry.

You visited 1 branch of the dungeon, and saw 1 of its levels.

You collected 32 gold pieces.

Inventory:

Hand Weapons
 f - a +0 dagger (weapon)
   (You took it off a goblin on level 1 of the Dungeon)
Armour
 a - a +0 robe (worn)
 b - a +0 hat (worn)
Potions
 c - a potion of curing {unknown}
Comestibles
 d - 5 chunks of flesh
 e - a ration {!d}


   Skills:
 + Level 0.7 Fighting
 - Level 1.7 Dodging
 - Level 1.7 Stealth
 + Level 3.1 Spellcasting
 + Level 1.3 Conjurations
   Level 1.0 Summonings
   Level 0.8 Translocations


You had 5 spell levels left.
You knew the following spells:

 Your Spells              Type           Power        Failure   Level  Hunger
a - Magic Dart            Conj           #...         9%          1    None

Your spell library contained the following spells:

 Spells                   Type           Power        Failure   Level  Hunger
 Blink                    Tloc           N/A          16%         2    ##.....
 Call Imp                 Summ           #.......     16%         2    ##.....
 Slow                     Hex            #.......     22%         2    ##.....
 Conjure Flame            Conj/Fire      #.......     34%         3    ###....
 Mephitic Cloud           Conj/Pois/Air  #.......     36%         3    ###....


Dungeon Overview and Level Annotations

Branches:
Dungeon (1/15)

Altars:


Message History

You hit the jackal.
You kill the jackal!
A jackal comes into view.
The jackal barks!
You hear a bark!
A jackal comes into view.
The jackal bites you.
Aim: a jackal The magic dart hits the jackal.
The jackal barely misses you.
Aim: a jackal (lightly wounded)
The magic dart hits the jackal but does no damage.
The jackal bites you.
* * * LOW HITPOINT WARNING * * *
You hit the jackal but do no damage. The jackal barely misses you.
The jackal bites you but does no damage.
You completely miss the jackal. The jackal misses you.
You barely miss the jackal. The jackal closely misses you.
You closely miss the jackal.
The jackal bites you but does no damage.
You barely miss the jackal.
The jackal bites you but does no damage.
Aim: a jackal (lightly wounded)
You miscast Magic Dart.
You are very lightly contaminated with residual magic.
Nothing appears to happen.
The jackal bites you.
* * * LOW HITPOINT WARNING * * *
You hit the jackal. The jackal bites you.
* * * LOW HITPOINT WARNING * * *
The jackal barely misses you.
You hit the jackal. The jackal closely misses you.
You hit the jackal but do no damage.
The jackal bites you but does no damage.
The jackal barely misses you.
You hit the jackal.
The jackal bites you but does no damage.
You barely miss the jackal. The jackal closely misses you.
You hit the jackal. The jackal barely misses you.
The jackal bites you but does no damage.
You barely miss the jackal. The jackal misses you.
You hit the jackal but do no damage. The jackal barely misses you.
The jackal bites you.
* * * LOW HITPOINT WARNING * * *
You hit the jackal but do no damage.
The jackal bites you but does no damage.
Aim: a jackal The magic dart hits the jackal.
You kill the jackal!
You barely miss the jackal. The jackal bites you.
* * * LOW HITPOINT WARNING * * *
You barely miss the jackal. The jackal bites you.
You die...

... #.......##.#.# # #.h
##............. #. #h.
#..........###. #.#####.#
#..[......## ##
........######## #.........# #
..%..?h......?.# ##........#
## .##.#.#.#####.#
#.........###.
#........##.#####.##.###......
##.#.#.##....h@.......#
#......
#............#####.####
#...... #....#######.# #.#
...... #.##.# #.# #.# ..... #†
#.# ... #.# .... . ..# ...#
#.# .... . ### ..... #.# ###.
.# ...... .. ## #


You could see a jackal.

Vanquished Creatures
  2 bats (D:1)
  A hobgoblin (D:1)
  2 jackals (D:1)
  A goblin (D:1)
6 creatures vanquished.

Notes
Turn   | Place    | Note
-------+----------+-------------------------------------------
     0 | D:1      | KyoPewz the Demonspawn Wizard began the quest for the Orb.
     0 | D:1      | Reached XP level 1. HP: 13/13 MP: 4/4
   215 | D:1      | Slain by a jackal

Illustrated notes

Levels and vault maps discovered:
D:1:      minmay_arrival_four_circles, layout_loops_ring, serial_glass,
          glass_columns_a, glass_columns_a

Action                   || total
-------------------------++-------
Melee: Dagger            ||    26
       Unarmed           ||     3
 Cast: Magic Dart        ||    15
Armor: Robe              ||    12
Dodge: Dodged            ||    25
